 Dungeon Crawl Stone Soup version 0.28-a0-1152-g9c71ebef14 (webtiles) character file.

Game seed: 11607838720196688385

4235 Strat the Spear-Bearer (level 10, 0/100 HPs)
             Began as a Naga Warper on Dec 14, 2021.
             Was a Follower of Ashenzari.
             Slain by an orc (6 damage)
             ... on level 8 of the Dungeon.
             The game lasted 00:30:21 (12950 turns).

Strat the Spear-Bearer (Naga Warper)               Turns: 12950, Time: 00:30:22

Health: 0/100      AC: 10    Str: 24    XL:     10   Next: 30%
Magic:  14/14      EV:  9    Int: 15    God:    Ashenzari [*.....]
Gold:   586        SH:  5    Dex:  9    Spells: 6/14 levels left

rFire   . . .      SeeInvis +   a - +1 glaive
rCold   . . .      Faith    .   (shield currently unavailable)
rNeg    . . .      Spirit   .   c - +3 ring mail of the Distant Seer {Rampage rCorr Str+8 Dex-2, Comp, Fort} (curse)
rPois   +          Reflect  +   (no helmet)
rElec   .          Harm     .   (no cloak)
rCorr   +          Rampage  +   (no gloves)
Will    +....                   (no barding)
Stlth   ..........              f - amulet "Gnosis of Ashenzari" {Reflect SH+5, Self, Fort} (curse)
HPRegen 0.26/turn               (no ring)
MPRegen 0.14/turn               (no ring)

@: invisible (expiring), very slow
A: AC +3, large, see invisible, deformed body, poison resistance, slowness 2,
spit poison 1, naga tail 1
a: Spit Poison, Renounce Religion, Shatter the Chains


You were on level 8 of the Dungeon.
You worshipped Ashenzari.
Ashenzari was aware of your devotion.
You visited 2 branches of the dungeon, and saw 9 of its levels.
You also visited: Ossuary.

You collected 586 gold pieces.

Inventory:

Hand Weapons
 a - a +1 glaive (weapon)
 b - a +0 hunting sling
 g - a +0 trident
 x - a +0 spear
Missiles
 d - 4 boomerangs of dispersal
 e - 213 stones
 h - 36 sling bullets
 l - 36 poisoned darts (quivered)
 n - a throwing net
 o - 12 boomerangs
Armour
 c - the cursed +3 ring mail of the Distant Seer (worn) {Rampage rCorr Str+8 Dex-2, Comp, Fort}
   (You found it on level 5 of the Dungeon)

   Str:       It affects your strength (+8).
   Dex:       It affects your dexterity (-2).
   rCorr:     It protects you from acid and corrosion.
   Rampage:   It bestows one free step when moving towards enemies.
   It has a curse which improves the following skills: Companions: Summonings
   and Necromancy.
   Fortitude: Armour and Shields.
 u - a +2 leather armour of fire resistance
Jewellery
 f - the cursed amulet "Gnosis of Ashenzari" (around neck) {Reflect SH+5, Self, Fort}
   (You found it on level 3 of the Dungeon)

   [amulet of reflection]

   It reflects blocked missile attacks.
   SH:        It affects your SH (+5).
   It has a curse which improves the following skills: Introspection: Fighting
   and Spellcasting.
   Fortitude: Armour and Shields.
Wands
 y - a wand of digging (5)
 F - a wand of flame (7)
Scrolls
 i - 3 scrolls of immolation
 p - a scroll of enchant weapon
 z - a scroll of torment
Potions
 m - 3 potions of mutation
 q - a potion of flight
 t - a potion of resistance
 v - a potion of brilliance
 A - a potion of ambrosia
 D - a potion of invisibility
 E - a potion of attraction


   Skills:
 + Level 8.7(9.7) Fighting
 - Level 10.0 Polearms
 - Level 0.8 Throwing
 - Level 4.9(6.4) Armour
 - Level 1.5 Dodging
 - Level 2.0(2.8) Spellcasting
 - Level 5.0 Translocations


You had 6 spell levels left.
You knew the following spells:

 Your Spells              Type           Power      Damage    Failure   Level
a - Blink                 Tloc           34%        N/A       6%          2
b - Teleport Other        Tloc           17%        N/A       12%         3
c - Lesser Beckoning      Tloc           17%        N/A       12%         3

Your spell library contained the following spells:

 Spells                   Type           Power      Damage    Failure   Level
 Gell's Gravitas          Tloc           17%        N/A       12%         3
 Foxfire                  Conj/Fire      8%         2x1d4     30%         1
 Magic Dart               Conj           8%         1d3       30%         1
 Call Imp                 Summ           2%         N/A       41%         2
 Scorch                   Fire           4%         2d5       41%         2
 Conjure Flame            Conj/Fire      2%         6-21      65%         3
 Inner Flame              Hex/Fire       2%         N/A       65%         3
 Mephitic Cloud           Conj/Pois/Air  2%         N/A       65%         3
 Manifold Assault         Tloc           17%        N/A       71%         5
 Flame Wave               Conj/Fire      2%         2d4       96%         4
 Summon Cactus Giant      Summ           1%         N/A       100%        6


Dungeon Overview and Level Annotations

Branches:
Dungeon (8/15)             Temple (1/1) D:4         Ossuary (visited)
   Lair: D:8-11

Altars:
Ashenzari
Cheibriados
Dithmenos
Elyvilon
Fedhas
Gozag
Hepliaklqana
Kikubaaqudgha
Makhleb
Nemelex Xobeh
Okawaru
Qazlal
Ru
Sif Muna
Trog
Uskayaw
Vehumet
Wu Jian
Xom
Yredelemnul
Zin
The Shining One

Shops:
D:4 =   D:5 (


Innate Abilities, Weirdness & Mutations

Your serpentine skin is tough. (AC +3)
You have supernaturally acute eyesight. (SInv)
Armour fits poorly on your strangely shaped body.
Your system is resistant to poisons. (rPois)
You cover ground very slowly.
You can spit poison.
You have a snake-like lower body.


Message History

The yak barely misses you.
You strike the helpless yak from behind!
You hit the yak.
The yak is severely wounded.
You barely miss the orc. The orc hits you but does no damage.
Aiming: Spit Poison (1% risk of failure)
Press: ? - help, Shift-Dir - straight line, f - orc
Aim: an orc, wielding a +0 flail The splash of poison hits the orc!
You kill the orc!
You slash the yak!
The yak is almost dead.
The orc wizard gestures at the yak while chanting.
The puff of flame hits the orc.
The yak barely misses you.
You strike the helpless yak from behind!
You slash the yak!
You kill the yak!
You rampage towards the orc wizard!
The orc barely misses you. The orc hits you but does no damage.
You closely miss the orc. The orc hits you but does no damage. x2
You closely miss the orc wizard.
You have got your breath back.
The orc hits you with a +0 whip.
* * * LOW HITPOINT WARNING * * *
The orc wizard barely misses you. The orc barely misses you.
The orc hits you with a +0 whip.
* * * LOW HITPOINT WARNING * * *
You hit the orc.
You kill the orc!
You flicker for a moment.
An orc comes into view. It is wielding a +0 flail.
The orc wizard barely misses you. The orc misses you.
You slash the orc wizard!
You kill the orc wizard!
The orc shouts!
The orc misses you. The orc hits you with a +0 flail.
* * * LOW HITPOINT WARNING * * *
The orc hits you with a +0 flail.
You die...

####.###.<...
#####. # ##### g#
...##.# #
######o.gZ# #
#)o).#(.# #
#@.###.g# #
#.o....##
#..###.# #....#.#
.######.#
........#
######.#.#.#
#...##.....#
#....#####.######


You could see 2 orcs.

Vanquished Creatures
  Harold (D:8)
  Joseph (D:7)
  4 yaks
  A wyvern (D:7)
  3 orc warriors (D:8)
  An ice beast (D:6)
  2 sky beasts
  2 necrophages
  A phantom (D:6)
  2 centaurs
  An elf zombie (Ossuary)
  A gnoll sergeant (D:8)
  A scorpion (D:5)
  A water moccasin zombie (D:6)
  A wyvern skeleton (D:7)
  A water moccasin skeleton (D:4)
  A killer bee (D:5)
  An electric eel (D:8)
  A centaur zombie (D:7)
  A bullfrog zombie (D:6)
  2 hounds
  A bullfrog skeleton (D:6)
  2 gnoll shamans (D:6)
  7 orc priests
  2 centaur skeletons (D:7)
  9 orc wizards
  A hound skeleton (D:4)
  3 hound zombies (Ossuary)
  4 mummies (Ossuary)
  A howler monkey skeleton (D:7)
  8 adders
  14 gnolls
  A white imp (D:8)
  2 adder zombies (Ossuary)
  2 worms
  A dart slug (D:4)
  46 orcs
  9 bats
  5 endoplasms
  A giant cockroach (D:3)
  4 gnoll zombies (Ossuary)
  10 goblins
  6 hobgoblins
  6 jackals
  A quokka (D:1)
  3 ball pythons
  2 frilled lizards (D:1)
  A goblin zombie (D:8)
  7 kobolds
  A kobold zombie (Ossuary)
  5 rats
  A rat zombie (Ossuary)
196 creatures vanquished.

Notes
Turn   | Place    | Note
-------+----------+-------------------------------------------
     0 | D:1      | Strat the Naga Warper began the quest for the Orb.
     0 | D:1      | Reached XP level 1. HP: 19/19 MP: 3/3
   155 | D:1      | Reached XP level 2. HP: 26/26 MP: 5/5
   158 | D:1      | Learned a level 2 spell: Blink
   300 | D:1      | Reached skill level 3 in Polearms
   780 | D:2      | Found a sparkling altar of Nemelex Xobeh.
   786 | D:2      | Reached XP level 3. HP: 32/32 MP: 6/6
  1076 | D:2      | Found a faded altar of an unknown god.
  1869 | D:3      | Reached skill level 4 in Polearms
  1869 | D:3      | Reached XP level 4. HP: 30/39 MP: 7/7
  2498 | D:3      | Noticed a necrophage
  2856 | D:2      | Killed a necrophage
  2857 | D:2      | Reached skill level 5 in Polearms
  2857 | D:2      | Reached XP level 5. HP: 42/49 MP: 4/8
  2901 | D:2      | Learned a level 3 spell: Teleport Other
  2905 | D:2      | Learned a level 3 spell: Lesser Beckoning
  3250 | D:4      | Reached XP level 6. HP: 44/56 MP: 9/9
  3460 | D:4      | Noticed a black bear
  3857 | D:4      | Found Xask's Jewellery Shoppe.
  4035 | D:5      | Entered Level 5 of the Dungeon
  4292 | D:5      | Reached skill level 5 in Translocations
  4292 | D:5      | Reached skill level 1 in Armour
  4292 | D:5      | Reached XP level 7. HP: 23/64 MP: 10/10
  4296 | D:5      | Identified the +3 ring mail of Evolution {Rampage rCorr
                  | Str+8 Dex-2}
  5437 | D:4      | Found a staircase to the Ecumenical Temple.
  6168 | Temple   | Entered the Ecumenical Temple
  6388 | Temple   | Became a worshipper of Ashenzari the Shackled
  6445 | D:5      | Found Halur's Antique Weapon Emporium.
  6454 | D:5      | Reached skill level 6 in Polearms
  6484 | D:5      | Reached XP level 8. HP: 64/72 MP: 11/11
  7050 | D:6      | Reached skill level 7 in Polearms
  8213 | D:6      | Reached skill level 5 in Fighting
  8771 | D:7      | Noticed Joseph
  9028 | D:8      | Found a sand-covered staircase.
  9028 | D:8      | Noticed Harold
  9044 | Ossuary  | Entered an ossuary
  9069 | Ossuary  | Reached XP level 9. HP: 44/80 MP: 12/12
  9097 | Ossuary  | Reached skill level 8 in Polearms
 10125 | D:7      | Killed Joseph
 11067 | D:7      | Found a shimmering altar of Xom.
 11067 | D:7      | Found a sacrificial altar of Ru.
 11067 | D:7      | Found an opulent altar of Gozag.
 11740 | D:8      | Reached skill level 9 in Polearms
 12836 | D:8      | Reached * piety under Ashenzari
 12910 | D:8      | Reached XP level 10. HP: 29/96 MP: 14/14
 12935 | D:8      | Killed Harold
 12936 | D:8      | Reached skill level 10 in Polearms
 12950 | D:8      | Slain by an orc

Illustrated notes

Levels and vault maps discovered:
D:1:      dpeg_arrival_erosion, layout_rooms, minmay_large_rounded_square
D:2:      layout_loops_corners, ebering_ecumenical_altar_webs, basic_altar
D:3:      minmay_chambers_of_twos, layout_basic
D:4:      layout_cave_pools, minmay_temple_entry_poolview, serial_shops,
          nicolae_shop_advertising_works [nicolae_subvault_shop_adworks]
D:5:      layout_cave_pools, serial_shops, nicolae_shop_behind_doors,
          st_stairs_14
D:6:      layout_layer_cave, minmay_misc_feat_encased
D:7:      layout_basic, gammafunk_temple_overflow_forgotten,
          serial_co_window_serial, co_window_corner_a, co_window_corner_a,
          co_window_paths_b, co_window_cross_1, co_window_paths_a,
          co_window_of_opportunity_a, co_window_paths_a, co_window_broadway_c,
          co_window_corner_b, co_window_of_opportunity_b, co_window_corner_cb,
          co_window_paths_c, co_window_4corner_a, co_window_paths_d, uniq_joseph
D:8:      minmay_chambers_of_sevens, layout_loops_ring, enter_ossuary_4,
          special_room [special_room_orc], fountainhead, uniq_harold
Temple:   mainiacjoe_temple_bowtie_tessellation

Skill      XL: |  1  2  3  4  5  6  7  8  9 10 |
---------------+-------------------------------+-----
Polearms       | 3 4 5 6 7 9 10 | 10.0
Fighting       | 3 4 5 7 8 |  8.7
Translocations | 5 |  5.0
Armour         | 1 3 4 |  4.9
Throwing       | |  0.8
Dodging        | |  1.5
Spellcasting   | |  2.0

Action                   |  1- 3 |  4- 6 |  7- 9 | 10-12 || total
-------------------------+-------+-------+-------+-------++-------
Melee: Spear             |    69 |   155 |    54 |       ||   278
       Trident           |       |       |    81 |       ||    81
       Glaive            |       |       |   277 |    32 ||   309
 Fire: Hunting sling     |       |     5 |     3 |       ||     8
Throw: Boomerang         |     1 |       |       |       ||     1
       Dart              |       |     2 |     6 |       ||     8
 Cast: Blink             |       |     4 |     3 |       ||     7
       Teleport Other    |       |     2 |     4 |       ||     6
       Lesser Beckoning  |       |       |     2 |       ||     2
Invok: Curse Item        |       |       |     2 |       ||     2
 Abil: Spit Poison       |    30 |    23 |    21 |     3 ||    77
Evoke: Wand              |       |       |     2 |       ||     2
  Use: Scroll            |     1 |     3 |    24 |       ||    28
       Potion            |       |     4 |     7 |     3 ||    14
 Stab: Invisible         |       |       |       |     4 ||     4
Armor: Leather armour    |    18 |    38 |       |       ||    56
       Ring mail         |       |       |   178 |     5 ||   183
Dodge: Dodged            |    30 |    74 |   184 |    13 ||   301
Block: Other             |       |    27 |   101 |     2 ||   130
       Reflection        |       |       |     3 |       ||     3

Table legend: (Time is in decaauts)
 A = Elapsed time spent in this place.
 B = Non-inter-level travel time spent in this place.
 C = Inter-level travel time spent in this place.
 D = Time resting spent in this place.
 E = Time spent auto-exploring this place.
 F = Levels seen in this place.
 G = Mean time per level.
                   A        B        C        D        E       F      G
               +--------+--------+--------+--------+--------+-----+--------+
         Total |  15784 |  14730 |   1054 |   4245 |   7366 |  10 | 1578.4 |
       Dungeon |  14754 |  13741 |   1013 |   3827 |   6957 |   8 | 1844.2 |
        Temple |    312 |    271 |     41 |      0 |    254 |   1 |  312.0 |
       Ossuary |    717 |    717 |      0 |    418 |    155 |   1 |  717.0 |
               +--------+--------+--------+--------+--------+-----+--------+

Top non-repeatable levels by time:
     D:7: 2668 daAuts
     D:2: 2383 daAuts
     D:6: 2169 daAuts
     D:4: 1855 daAuts
     D:8: 1802 daAuts
     D:3: 1567 daAuts
     D:5: 1406 daAuts
     D:1: 901 daAuts
 Ossuary: 717 daAuts
  Temple: 312 daAuts
